 Dungeon Crawl Stone Soup version 0.30-a0-778-g2ef04afb54 (webtiles) character file.

Game seed: 17167868386634060859

11330 Strat the Basher (level 11, -1/78 HPs)
             Began as a Gnoll Reaver on Feb 16, 2023.
             Was an Elder of Hepliaklqana.
             Slain by a sun demon (18 damage)
             ... on level 10 of the Dungeon.
             The game lasted 00:19:33 (8684 turns).

Strat the Basher (Gnoll Reaver)                     Turns: 8684, Time: 00:19:33

Health: -1/78      AC: 13    Str: 13 (14) XL:     11   Next: 76%
Magic:  23/23      EV: 13    Int: 11 (13) God:    Hepliaklqana [****..]
Gold:   773        SH:  5    Dex: 10      Spells: 21/27 levels left

rFire   + . .      SeeInvis .    b - +2 flail (drain)
rCold   . . .      Faith    .    B - +0 buckler
rNeg    . . .      Spirit   .    L - +0 acid dragon scales
rPois   .          Reflect  .    (no helmet)
rElec   .          Harm     .    c - +2 cloak {rCorr}
rCorr   +          Rampage  .    m - +0 pair of gloves
Will    .....                    y - +0 pair of boots
Stlth   +++                      (no amulet)
HPRegen 0.33/turn                e - ring of protection from fire
MPRegen 0.18/turn                k - ring of resist corrosion

@: about to teleport
A: reduced essence, fangs 1, strong nose, distributed training, weak 1
a: Renounce Religion, Recall Ancestor, Ancestor Identity, Transference, Idealise


You were on level 10 of the Dungeon.
You worshipped Hepliaklqana.
Hepliaklqana was greatly pleased with you.
You visited 1 branch of the dungeon, and saw 10 of its levels.
You also visited: Sewer.

You collected 773 gold pieces.

Inventory:

Hand Weapons
 a - the +5 mace "Dituapusm" {pain, +Blink rElec rC+ Int-4}
   (You found it on level 2 of the Dungeon)

   Int:       It affects your intelligence (-4).
   rC:        It protects you from cold.
   rElec:     It insulates you from electricity.
   +Blink:    It lets you blink.
 b - a +2 flail of draining (weapon)
 j - a +1 mace of electrocution
 v - a +6 dagger of speed
 E - a +0 morningstar
Missiles
 g - 20 poisoned darts
 i - 5 curare-tipped darts
Armour
 c - a +2 cloak of preservation (worn)
 m - a +0 pair of gloves (worn)
 y - a +0 pair of boots (worn)
 B - a +0 buckler (worn)
 L - +0 acid dragon scales (worn)
Jewellery
 e - a ring of protection from fire (left hand)
 k - a ring of resist corrosion (right hand)
 w - a +6 ring of intelligence
 x - a +5 ring of evasion
 J - a ring of fire
Wands
 p - a wand of roots (5)
 u - a wand of light (6)
Scrolls
 h - 3 scrolls of immolation
 q - a scroll of enchant armour
 F - a scroll of identify
 I - a scroll of poison
 K - a scroll of enchant weapon
Potions
 d - 7 potions of curing
 f - 3 potions of brilliance
 l - 3 potions of attraction
 n - a potion of ambrosia
 r - 2 potions of flight
 s - a potion of berserk rage
 t - a potion of heal wounds
 z - a potion of lignification
 A - 2 potions of invisibility
 D - 6 potions of haste
 H - a potion of magic


   Skills:
 + Level 8.3 Fighting
 + Level 6.8 Short Blades
 + Level 6.8 Long Blades
 + Level 6.8 Axes
 + Level 9.5 Maces & Flails
 + Level 6.8 Polearms
 + Level 6.8 Staves
 + Level 6.8 Ranged Weapons
 + Level 6.8 Throwing
 + Level 6.8 Armour
 + Level 8.3 Dodging
 + Level 6.8 Stealth
 + Level 6.8 Shields
 + Level 6.8 Unarmed Combat
 + Level 8.6 Spellcasting
 + Level 8.0 Conjurations
 + Level 5.6 Hexes
 + Level 5.6 Summonings
 + Level 5.6 Necromancy
 + Level 5.6 Translocations
 + Level 5.6 Transmutations
 + Level 5.6 Fire Magic
 + Level 5.6 Ice Magic
 + Level 5.6 Air Magic
 + Level 5.6 Earth Magic
 + Level 5.6 Poison Magic
 + Level 7.5 Invocations
 + Level 6.8 Evocations


You had 21 spell levels left.
You knew the following spells:

 Your Spells              Type           Power      Damage    Failure   Level
a - Kiss of Death         Conj/Necr      76%        2d11      1%          1
b - Momentum Strike       Conj/Tloc      38%        3d9       2%          2
c - Hailstorm             Conj/Ice       19%        3d6       4%          3

Your spell library contained the following spells:

 Spells                   Type           Power      Damage    Failure   Level
 Magic Dart               Conj           88%        1d7       1%          1
 Searing Ray              Conj           44%        2d6       1%          2
 Sting                    Tmut/Pois      68%        1d6       2%          1
 Lesser Beckoning         Tloc           34%        N/A       3%          2
 Poisonous Vapours        Pois/Air       34%        N/A       3%          2
 Confusing Touch          Hex            17%        N/A       8%          3
 Gell's Gravitas          Tloc           17%        N/A       8%          3
 Teleport Other           Tloc           17%        N/A       8%          3
 Fulminant Prism          Conj/Hex       9%         3d7       16%         4
 Dispel Undead            Necr           17%        3d10      26%         4
 Olgreb's Toxic Radiance  Pois           17%        N/A       26%         4
 Petrify                  Tmut/Erth      17%        N/A       26%         4
 Metabolic Englaciation   Hex/Ice        8%         N/A       56%         5
 Statue Form              Tmut/Erth      11%        N/A       98%         6


Dungeon Overview and Level Annotations

Branches:
Dungeon (10/15)            Temple (0/1) D:7            Lair (0/5) D:8
    Orc (0/2) D:9           Sewer (visited)

Altars:
Ashenzari
Cheibriados
Dithmenos
Elyvilon
Gozag
Hepliaklqana
Kikubaaqudgha
Nemelex Xobeh
Qazlal
Sif Muna
Trog
Uskayaw
Vehumet
Wu Jian
Yredelemnul

Shops:
D:4 :   D:7 *

Portals:
Trove: D:10 (give +3 gold dragon scales)

Annotations:
D:5 2 transporters, IdlyInterested's ghost, amateur DsFi


Innate Abilities, Weirdness & Mutations

Your life essence is reduced to manifest your ancestor. (-10% HP)
You have very sharp teeth.
Your uncanny sense of smell can sniff out nearby items.
Your experience applies equally to all skills.
You are weak. (Str -2)


Message History

Tertia drains the yak.
Tertia hits the yak with a +0 dagger of draining.
Tertia drains the yak.
You closely miss the yak.
The yak is severely wounded.
A sun demon comes into view.
A yak comes into view.
The yak gores you! The yak closely misses you. You block the yak's attack.
Tertia casts a spell at the yak.
The yak resists with significant effort.
As you read the scroll of fear, it crumbles to dust.
You assume a fearsome visage.
The hellwing looks frightened!
The sun demon resists with almost no effort.
The quasit looks frightened!
The yak looks frightened! x4
The yak easily resists.
The yak looks frightened! x3
You see here a howler monkey corpse.
Tertia is recalled.
The yak attacks as you move away! You block the yak's attack.
The yak gores Tertia!
The sun demon hits you!
You are engulfed in flames.
You resist. The sun demon attacks as you move away!
The sun demon barely misses you.
Tertia barely misses the sun demon.
The sun demon hits you!
* * * LOW HITPOINT WARNING * * *
You are engulfed in flames!
You resist.
* * * LOW HITPOINT WARNING * * *
The sun demon attacks as you move away! The sun demon hits you.
* * * LOW HITPOINT WARNING * * *
You are engulfed in flames!
You resist.
* * * LOW HITPOINT WARNING * * *
Tertia hits the sun demon with a +0 dagger of draining.
Tertia hits the sun demon but does no damage.
The yak gores Tertia!
The sun demon attacks as you move away! The sun demon closely misses you.
As you read the scroll of teleportation, it crumbles to dust.
You feel strangely unstable. The sun demon hits you!
* * * LOW HITPOINT WARNING * * *
You are engulfed in flames!
You resist.
* * * LOW HITPOINT WARNING * * *
The sun demon attacks as you move away! The sun demon hits you!!
You die...

#..........#....#
......#....#
...........#....#
......'..###
...........#....# ......#..#
....####+#.+....##########..#
....# #.###.......)......#
....# #...#.........5....#
....# #...#†.............#
##..######...#.....Y........#
#...........'..@3R.........#
#.........).#......###.....#
#####.......######## #.....#
#.#####.)....... #.....# #.#
#.#####... '.....# #.# #.#
####### +.# #.# #.# #.# ...
..#


You could see the friendly Tertia the hexer, a sun demon, a yak and a quasit
(distracted).

Vanquished Creatures
  4 two-headed ogres
  A sun demon (D:10)
  A soul eater (D:10)
  Pikel (D:5)
  A rust devil (D:10)
  Grinder (D:5)
  A wraith (D:8)
  A wyvern (D:9)
  A neqoxec (D:10)
  4 yaks (D:9)
  A warg (D:9)
  A water moccasin (D:7)
  Duvessa (D:4)
  A black bear (D:6)
  5 orc warriors
  A sky beast (D:7)
  4 ogres
  3 kobold brigands
  2 killer bees (D:9)
  5 howler monkeys
  7 hounds
  3 jellies
  11 orc priests
  Ijyb (D:4)
  2 iguanas
  2 orc wizards
  8 adders
  4 gnolls (D:6)
  2 river rats (Sewer)
  A shadow imp (D:5)
  A worm (Sewer)
  2 dart slugs
  34 orcs
  9 ball pythons
  11 endoplasms
  2 giant cockroaches
  6 goblins
  9 hobgoblins
  6 jackals
  5 quokkas
  A bat (D:1)
  2 frilled lizards (Sewer)
  14 kobolds
  9 rats
192 creatures vanquished.

Vanquished Creatures (collateral kills)
  Gastronok (D:9)
  A smoke demon (D:10)
  2 wyverns (D:10)
  A yak (D:10)
  Menkaure (D:5)
  An acid dragon (D:8)
  A water moccasin (D:7)
  An ice beast (D:6)
  A sky beast (D:6)
  A bullfrog (D:8)
  Blork the orc (D:4)
  A necrophage (D:4)
  Dowan (D:4)
  4 killer bees
  A jelly (Sewer)
  3 hounds
  3 orc priests
  An iguana (D:5)
  7 orc wizards
  4 gnolls (D:6)
  7 adders
  A shadow imp (D:5)
  2 ufetubi
  12 orcs
  An endoplasm (Sewer)
  3 giant cockroaches
  A goblin (D:9)
  A frilled lizard (Sewer)
  2 kobolds
  A rat (Sewer)
68 creatures vanquished.

Vanquished Creatures (others)
  6 hexers
  35 plants (D:10)
41 creatures vanquished.

Grand Total: 301 creatures vanquished

Notes
Turn   | Place    | Note
-------+----------+-------------------------------------------
     0 | D:1      | Strat the Gnoll Reaver began the quest for the Orb.
     0 | D:1      | Reached XP level 1. HP: 20/20 MP: 6/6
    84 | D:1      | Reached XP level 2. HP: 16/26 MP: 7/7
   385 | D:1      | Learned a level 2 spell: Momentum Strike
   575 | D:1      | Reached skill level 5 in Spellcasting
   575 | D:1      | Reached XP level 3. HP: 31/31 MP: 5/9
   702 | D:1      | Learned a level 3 spell: Hailstorm
   802 | D:2      | Identified the +5 mace "Dituapusm" {pain, +Blink rElec rC+
                  | Int-4}
  1097 | D:2      | Reached skill level 1 in Invocations
  1125 | D:2      | Found a faded altar of an unknown god.
  1131 | D:2      | Prayed at the altar of an unknown god.
  1131 | D:2      | Became a worshipper of Hepliaklqana the Forgotten
  1131 | D:2      | Reached * piety under Hepliaklqana
  1340 | D:3      | Identified a scroll of acquirement
  1340 | D:3      | Acquired a +1 cloak of preservation
  1354 | D:3      | Reached skill level 1 in Short Blades
  1354 | D:3      | Reached skill level 1 in Long Blades
  1354 | D:3      | Reached skill level 1 in Axes
  1354 | D:3      | Reached skill level 1 in Polearms
  1354 | D:3      | Reached skill level 1 in Staves
  1354 | D:3      | Reached skill level 1 in Ranged Weapons
  1354 | D:3      | Reached skill level 1 in Throwing
  1354 | D:3      | Reached skill level 1 in Armour
  1354 | D:3      | Reached skill level 1 in Stealth
  1354 | D:3      | Reached skill level 1 in Shields
  1354 | D:3      | Reached skill level 1 in Unarmed Combat
  1354 | D:3      | Reached skill level 1 in Evocations
  1434 | D:3      | Identified the +4 sling of Floods {drain, rPois rF+ Dex+2}
  1464 | D:3      | Reached XP level 4. HP: 34/34 MP: 11/11
  1468 | D:3      | Reached skill level 1 in Hexes
  1468 | D:3      | Reached skill level 1 in Summonings
  1468 | D:3      | Reached skill level 1 in Necromancy
  1468 | D:3      | Reached skill level 1 in Translocations
  1468 | D:3      | Reached skill level 1 in Transmutations
  1468 | D:3      | Reached skill level 1 in Fire Magic
  1468 | D:3      | Reached skill level 1 in Ice Magic
  1468 | D:3      | Reached skill level 1 in Air Magic
  1468 | D:3      | Reached skill level 1 in Earth Magic
  1468 | D:3      | Reached skill level 1 in Poison Magic
  1754 | D:4      | Reached ** piety under Hepliaklqana
  1770 | D:4      | Remembered your ancestor Tertia as a hexer
  1834 | D:4      | Reached XP level 5. HP: 27/38 MP: 12/12
  1930 | D:4      | Noticed Ijyb
  1938 | D:4      | Killed Ijyb
  2247 | D:4      | Noticed Blork the orc
  2256 | D:4      | Killed Blork the orc
  2257 | D:4      | Reached XP level 6. HP: 38/45 MP: 14/14
  2327 | D:4      | Found Rudwy's Book Boutique.
  2337 | D:4      | Reached skill level 5 in Fighting
  2337 | D:4      | Reached skill level 5 in Dodging
  2414 | D:4      | Noticed Dowan
  2535 | D:4      | Noticed Duvessa
  2542 | D:4      | Killed Duvessa
  2543 | D:4      | Reached skill level 7 in Maces & Flails
  2543 | D:4      | Reached XP level 7. HP: 50/50 MP: 15/15
  2551 | D:4      | Killed Dowan
  2639 | D:5      | Entered Level 5 of the Dungeon
  2707 | D:5      | Noticed Menkaure
  2836 | D:5      | Noticed Pikel
  2846 | D:5      | Killed Pikel
  2847 | D:5      | Reached XP level 8. HP: 42/57 MP: 13/17
  2997 | D:5      | Killed Menkaure
  3013 | D:5      | Found a shadowy altar of Dithmenos.
  3015 | D:5      | Noticed Grinder
  3068 | D:5      | Killed Grinder
  3236 | D:5      | Reached XP level 9. HP: 59/62 MP: 16/18
  3302 | D:5      | Found a transporter.
  3342 | D:5      | Found a transporter.
  3350 | D:5      | Noticed IdlyInterested's ghost (amateur DsFi)
  3605 | D:6      | Found a glowing drain.
  3713 | Sewer    | Entered a sewer
  3807 | Sewer    | Found a viscous altar of Jiyva.
  4043 | D:6      | Reached skill level 8 in Maces & Flails
  4196 | D:6      | Reached skill level 5 in Invocations
  4258 | D:6      | Reached *** piety under Hepliaklqana
  4371 | D:7      | Found a staircase to the Ecumenical Temple.
  4765 | D:7      | Found a bloodstained altar of Trog.
  4875 | D:7      | Found a hide-covered altar of Uskayaw.
  5039 | D:7      | Reached **** piety under Hepliaklqana
  5215 | D:7      | Found Vosea's Gadget Gallery.
  5426 | D:7      | Reached skill level 5 in Short Blades
  5426 | D:7      | Reached skill level 5 in Long Blades
  5426 | D:7      | Reached skill level 5 in Axes
  5426 | D:7      | Reached skill level 5 in Polearms
  5426 | D:7      | Reached skill level 5 in Staves
  5426 | D:7      | Reached skill level 5 in Ranged Weapons
  5426 | D:7      | Reached skill level 5 in Throwing
  5426 | D:7      | Reached skill level 5 in Armour
  5426 | D:7      | Reached skill level 5 in Stealth
  5426 | D:7      | Reached skill level 5 in Shields
  5426 | D:7      | Reached skill level 5 in Unarmed Combat
  5426 | D:7      | Reached skill level 5 in Evocations
  5426 | D:7      | Reached XP level 10. HP: 69/69 MP: 20/20
  5614 | D:8      | Noticed a two-headed ogre
  5689 | D:8      | Killed a two-headed ogre
  5850 | D:8      | Found a white marble altar of Elyvilon.
  5850 | D:8      | Found a sparkling altar of Nemelex Xobeh.
  5850 | D:8      | Found a radiant altar of Vehumet.
  5909 | D:8      | Found a staircase to the Lair.
  5934 | D:8      | Found an ancient bone altar of Kikubaaqudgha.
  5935 | D:8      | Found a basalt altar of Yredelemnul.
  5937 | D:8      | Found a stormy altar of Qazlal.
  5938 | D:8      | Found a snail-covered altar of Cheibriados.
  5940 | D:8      | Found an opulent altar of Gozag.
  5944 | D:8      | Found a shimmering blue altar of Sif Muna.
  5945 | D:8      | Found a broken altar of Ashenzari.
  6036 | D:8      | Found a hazy altar of Hepliaklqana.
  6086 | D:9      | Noticed Gastronok
  6415 | D:9      | Killed Gastronok
  6670 | D:9      | Found an ornate altar of the Wu Jian Council.
  6708 | D:9      | Reached skill level 9 in Maces & Flails
  6721 | D:9      | Reached skill level 5 in Hexes
  6721 | D:9      | Reached skill level 5 in Summonings
  6721 | D:9      | Reached skill level 5 in Necromancy
  6721 | D:9      | Reached skill level 5 in Translocations
  6721 | D:9      | Reached skill level 5 in Transmutations
  6721 | D:9      | Reached skill level 5 in Fire Magic
  6721 | D:9      | Reached skill level 5 in Ice Magic
  6721 | D:9      | Reached skill level 5 in Air Magic
  6721 | D:9      | Reached skill level 5 in Earth Magic
  6721 | D:9      | Reached skill level 5 in Poison Magic
  6791 | D:9      | Found a staircase to the Orcish Mines.
  6859 | D:9      | Noticed a two-headed ogre
  6871 | D:9      | Killed a two-headed ogre
  6872 | D:9      | Reached XP level 11. HP: 77/77 MP: 20/23
  7475 | D:10     | Entered Level 10 of the Dungeon
  7545 | D:10     | Gained mutation: You are weak. (Str -2) [a neqoxec]
  7775 | D:10     | Noticed a two-headed ogre
  7784 | D:10     | Killed a two-headed ogre
  7786 | D:10     | Noticed a sun demon
  7802 | D:10     | Killed a sun demon
  7987 | D:10     | Noticed a two-headed ogre
  7992 | D:10     | Killed a two-headed ogre
  8132 | D:10     | Found a portal to a secret trove of treasure.
  8213 | D:10     | Noticed a soul eater
  8237 | D:10     | Killed a soul eater
  8662 | D:10     | Noticed a sun demon
  8684 | D:10     | Slain by a sun demon

Illustrated notes

Levels and vault maps discovered:
D:1:      wander_arrival_estate, layout_basic, chequers_garden
D:2:      layout_rooms, dreamdust_ecumenical_altar_angels_and_demons,
          nicolae_figureground_pulse
D:3:      layout_rooms
D:4:      layout_basic, serial_park_tiny_pond, nicolae_stop_n_shop_2,
          wad_floor_pattern_untrapped, uniq_duvessa, uniq_blork_the_orc,
          uniq_ijyb
D:5:      layout_rooms, nicolae_dithmenos_the_darkroom, gammafunk_ghost_arena,
          nicolae_half_adder, uniq_pikel, uniq_grinder, uniq_menkaure
D:6:      layout_basic, gup_sewer_entry_glass, chequers_mini_garden,
          dreamdust_gnoll_farm
D:7:      layout_layer_cave, kennysheep_mini_moat, nicolae_uskayaw_suspiria,
          minmay_temple_entry_waves, nicolae_shop_gadgets
D:8:      layout_rooms, nicolae_overflow_hallway_of_the_gods,
          lemuel_round_altar, lair_entry_dummy, minivault_27
D:9:      layout_basic, mainiacjoe_overflow_24_doors, erik_orc_3, uniq_gastronok
D:10:     layout_irregular_city, serial_demonic, serial_demonic_a,
          serial_demonic_a, serial_demonic_e, serial_demonic_f, enter_trove_6,
          nicolae_looking_at_the_future

Skill      XL: |  1  2  3  4  5  6  7  8  9 10 11 |
---------------+----------------------------------+-----
Spellcasting   | 5 6 7 8 |  8.6
Invocations    | 1 2 3 4 5 6 7 |  7.5
Short Blades   | 1 2 3 5 6 |  6.8
Long Blades    | 1 2 3 5 6 |  6.8
Axes           | 1 2 3 5 6 |  6.8
Polearms       | 1 2 3 5 6 |  6.8
Staves         | 1 2 3 5 6 |  6.8
Ranged Weapons | 1 2 3 5 6 |  6.8
Throwing       | 1 2 3 5 6 |  6.8
Armour         | 1 2 3 5 6 |  6.8
Stealth        | 1 2 3 5 6 |  6.8
Shields        | 1 2 3 5 6 |  6.8
Unarmed Combat | 1 2 3 5 6 |  6.8
Evocations     | 1 2 3 5 6 |  6.8
Hexes          | 1 2 3 4 5 |  5.6
Summonings     | 1 2 3 4 5 |  5.6
Necromancy     | 1 2 3 4 5 |  5.6
Translocations | 1 2 3 4 5 |  5.6
Transmutations | 1 2 3 4 5 |  5.6
Fire Magic     | 1 2 3 4 5 |  5.6
Ice Magic      | 1 2 3 4 5 |  5.6
Air Magic      | 1 2 3 4 5 |  5.6
Earth Magic    | 1 2 3 4 5 |  5.6
Poison Magic   | 1 2 3 4 5 |  5.6
Fighting       | 5 6 7 8 |  8.3
Dodging        | 5 6 7 8 |  8.3
Maces & Flails | 7 8 9 |  9.5
Conjurations   | 6 7 8 |  8.0

Action                     |  1- 3 |  4- 6 |  7- 9 | 10-12 || total
---------------------------+-------+-------+-------+-------++-------
  Melee: Mace              |    96 |    72 |   220 |   180 ||   568
         Bite              |     6 |     3 |    16 |    32 ||    57
         Punch             |       |       |     1 |       ||     1
         Flail             |       |       |       |    69 ||    69
   Cast: Momentum Strike   |     2 |     1 |     2 |     5 ||    10
         Kiss of Death     |       |     1 |     1 |     1 ||     3
         Hailstorm         |       |       |       |     2 ||     2
 Invoke: Ancestor Life: He |       |     1 |       |       ||     1
         Recall Ancestor   |       |       |     5 |     4 ||     9
  Evoke: Wand              |       |     1 |     1 |    11 ||    13
    Use: Scroll            |     3 |       |    10 |     6 ||    19
         Potion            |       |       |       |     9 ||     9
   Stab: Sleeping          |       |     3 |       |     1 ||     4
         Confused          |       |     1 |     4 |     5 ||    10
         Distracted        |       |       |     3 |     4 ||     7
 Armour: Leather armour    |    32 |    12 |    12 |       ||    56
         Troll leather arm |       |       |    66 |     7 ||    73
         Acid dragon scale |       |       |       |    55 ||    55
  Dodge: Dodged            |    80 |    44 |   149 |   126 ||   399
  Block: Buckler           |       |       |    30 |    55 ||    85

Table legend: (Time is in decaauts)
 A = Elapsed time spent in this place.
 B = Non-inter-level travel time spent in this place.
 C = Inter-level travel time spent in this place.
 D = Time resting spent in this place.
 E = Time spent auto-exploring this place.
 F = Levels seen in this place.
 G = Mean time per level.
                   A        B        C        D        E       F      G
               +--------+--------+--------+--------+--------+-----+--------+
         Total |   8713 |   8452 |    261 |   1310 |   5063 |  11 |  792.1 |
       Dungeon |   8463 |   8202 |    261 |   1310 |   4948 |  10 |  846.3 |
         Sewer |    249 |    249 |      0 |      0 |    114 |   1 |  249.0 |
               +--------+--------+--------+--------+--------+-----+--------+

Top non-repeatable levels by time:
     D:9: 1591 daAuts
     D:7: 1201 daAuts
     D:4: 1077 daAuts
    D:10: 980 daAuts
     D:1: 707 daAuts
     D:6: 685 daAuts
     D:2: 631 daAuts
     D:5: 599 daAuts
     D:8: 532 daAuts
     D:3: 456 daAuts
   Sewer: 249 daAuts
